 Dungeon Crawl Stone Soup version 0.20-a0-705-gbe8799e (webtiles) character file.

34831 MirrMurr the Basher (level 13, -3/86 HPs)
             Began as a Gargoyle Berserker on Feb 21, 2017.
             Was a High Priest of Trog.
             Killed by divine providence
             ... invoked by a meliai
              (10 damage)
             ... on level 4 of the Lair of Beasts.
             The game lasted 00:51:45 (16085 turns).

MirrMurr the Basher (Gargoyle Berserker)           Turns: 16085, Time: 00:51:45

Health: -3/86      AC: 31    Str: 25    XL:     13   Next: 79%
Magic:  13/13      EV: 11    Int:  9    God:    Trog [*****.]
Gold:   858        SH:  0    Dex: 12    Spells: 12/12 levels left

rFire    + . .     SeeInvis .   a - +2 dire flail (freeze)
rCold    . . .     Gourm    .   l - +1 plate armour
rNeg     + . .     Faith    .   (shield currently unavailable)
rPois    ∞         Spirit   .   H - +0 hat {MR+}
rElec    +         Reflect  .   B - +0 cloak
rCorr    .         Harm     .   C - +1 pair of gloves {Dex+3}
MR       ++++.                  N - +0 pair of boots
Stlth    ..........             y - amulet of rage
Regen    1.3/turn               x - ring of protection from fire
MPRegen  0.2/turn               p - ring of protection from magic

@: regenerating
A: negative energy resistance 1, electricity resistance, unbreathing,
petrification resistance, rot immunity, AC +9
a: Berserk, Trog's Hand, Brothers in Arms, Burn Spellbooks, Renounce Religion,
Evoke Berserk Rage


You were on level 4 of the Lair of Beasts.
You worshipped Trog.
Trog was extremely pleased with you.
You were hungry.

You visited 2 branches of the dungeon, and saw 15 of its levels.

You collected 1075 gold pieces.
You spent 217 gold pieces at shops.

Inventory:

Hand Weapons
 a - a +2 dire flail of freezing (weapon)
 w - a +0 blowgun
Missiles
 g - 44 poisoned needles
 D - 6 javelins (quivered)
Armour
 l - a +1 plate armour (worn)
 B - a +0 cloak (worn)
 C - a +1 pair of gloves of dexterity (worn)
 E - a +2 shield
 H - a +0 hat of magic resistance (worn)
 N - a +0 pair of boots (worn)
Jewellery
 p - a ring of protection from magic (left hand)
 x - a ring of protection from fire (right hand)
 y - an amulet of rage (around neck)
Wands
 s - a wand of lightning (9/15)
Scrolls
 b - a scroll of recharging
 h - 7 scrolls of teleportation
 i - 6 scrolls of identify
 r - 7 scrolls of remove curse
 t - a scroll of summoning
Potions
 d - a potion of magic
 e - 8 potions of curing
 k - 3 potions of haste
 q - 2 potions of resistance
 v - a potion of ambrosia
 A - a potion of might
 I - 3 potions of flight
 J - a potion of invisibility
 K - a potion of heal wounds
Miscellaneous
 f - a lightning rod (1/4)
 u - a phial of floods
 F - a phantom mirror
Comestibles
 c - 10 bread rations
 j - 11 royal jellies
 m - 2 chunks of flesh
 n - 9 fruits
 o - 6 meat rations


   Skills:
 + Level 12.2 Fighting
 - Level 14.8 Maces & Flails
 * Level 3.5 Throwing
 + Level 11.5 Armour
 + Level 7.4 Dodging


You had 12 spell levels left.
You didn't know any spells.

Dungeon Overview and Level Annotations

Branches:
Dungeon (11/15)            Temple (0/1) D:7            Lair (4/6) D:8
 Shoals (0/4) Lair:2        Snake (0/4) Lair:2          Orc (0/2) D:11

Altars:
Elyvilon
Fedhas
Hepliaklqana Ieoh Jian
Kikubaaqudgha
Okawaru
Qazlal
Ru
Sif Muna
Trog
Vehumet
Yredelemnul
Zin
The Shining One

Shops:
D:4 [=(   D:10 [

Annotations:
Lair:4 exclusion: 2 oklob plants


Innate Abilities, Weirdness & Mutations

You are resistant to torment.
Your stone body is resilient. (AC +9)
You are immune to poison.
You resist negative energy. (rN+)
You are resistant to electric shocks. (rElec)
You can survive without breathing.
You are immune to petrification.
You are immune to rotting.


Message History

The killer bee is heavily wounded.
The killer bee stings you but does no damage.
The meliai mumbles some strange prayers to its god against you.
Something smites you!
* * * LOW HITPOINT WARNING * * *
You hear a trumpeting!
You closely miss the killer bee.
The killer bee is heavily wounded.
The killer bee closely misses you.
You closely miss the killer bee.
The killer bee is heavily wounded.
The killer bee stings you but does no damage. x2
You impale the killer bee!! You freeze the killer bee.
You kill the killer bee!
Trog accepts your kill. The meliai hits you but does no damage.
The meliai closely misses you.
You hit the meliai but do no damage.
The meliai calls down the wrath of its god upon you.
Something smites you!
You die... y

.#.F. #..... ..#.y.. ##..8.
.#..... ##[.... #......
#..#... #..... #####..
#.....### #..#. #......###
############..##
#.#.....F§###P#.(.#.#PP#..##
......F.Y§ky@§.§...........#
#..#...#######§##.#######.##
## #.## ###### #.# ## #.#
#.. ###


You could see a rime drake and a meliai.

Vanquished Creatures
  Gastronok (Lair:3)
  3 hydras
  8 two-headed ogres
  The ghost of Niddhogr the Spear-Bearer, a novice FoFi (D:8)
  2 unseen horrors
  An oklob plant (D:10)
  An ugly thing (D:11)
  A manticore (D:11)
  2 merfolk sirens (Lair:2)
  2 black mambas
  A gargoyle (D:11)
  7 spiny frogs
  2 rime drakes
  2 komodo dragons
  2 trolls
  The ghost of emsyzz the Magician, a novice DEFE (D:4)
  A merfolk (Lair:2)
  A meliai (Lair:4)
  A hornet (D:10)
  2 blink frogs (Lair:4)
  5 hippogriffs
  Prince Ribbit (D:8)
  26 yaks
  2 wyverns
  A wraith (D:9)
  A basilisk (Lair:4)
  4 hogs (D:9)
  A human (D:9)
  2 hungry ghosts
  Menkaure (D:5)
  2 nagas (Lair:2)
  Edmund (D:6)
  9 water moccasins
  7 porcupines
  8 orc warriors
  A hornet zombie (D:7)
  3 ice beasts
  2 sky beasts
  An eye of draining (D:10)
  4 black bears
  2 phantoms
  A necrophage (D:9)
  6 ogres
  3 wolves (Lair:1)
  9 centaurs
  6 crocodiles
  11 bullfrogs
  A gnoll sergeant (D:9)
  A wyvern zombie (D:6)
  3 scorpions
  A troll zombie (D:9)
  20 killer bees
  7 wights
  3 howler monkeys (D:9)
  5 crimson imps
  2 bullfrog zombies
  A centaur zombie (D:10)
  2 centaur skeletons
  4 human zombies (D:9)
  6 jellies
  17 orc wizards
  5 orc priests
  A bullfrog skeleton (D:4)
  A human skeleton (D:9)
  3 iguanas
  14 worker ants
  An ogre zombie (D:9)
  A hound zombie (D:9)
  3 hound skeletons
  A mummy (D:9)
  8 gnolls
  12 adders
  2 shadow imps
  2 adder skeletons
  6 worms
  A dart slug (D:4)
  7 leopard geckos
  40 orcs
  A ball python (D:3)
  3 giant cockroaches
  8 goblins
  11 hobgoblins
  6 jackals
  2 quokkas
  3 bats
  5 frilled lizards
  A jackal skeleton (D:4)
  A jackal zombie (D:6)
  7 kobolds
  A quokka skeleton (D:4)
  A quokka zombie (D:9)
  8 rats
401 creatures vanquished.

Vanquished Creatures (others)
  10 fungi
  5 plants
15 creatures vanquished.

Grand Total: 416 creatures vanquished

Notes
Turn   | Place    | Note
-------+----------+-------------------------------------------
     0 | D:1      | MirrMurr the Gargoyle Berserker began the quest for the Orb.
     0 | D:1      | Reached XP level 1. HP: 14/14 MP: 1/1
    79 | D:1      | Reached XP level 2. HP: 11/19 MP: 2/2
  1023 | D:2      | Found a deep blue altar of Sif Muna.
  1081 | D:2      | Found a basalt altar of Yredelemnul.
  1097 | D:2      | Reached XP level 3. HP: 21/24 MP: 3/3
  1156 | D:2      | Reached ** piety under Trog
  1227 | D:2      | Reached skill level 4 in Maces & Flails
  1237 | D:2      | Reached XP level 4. HP: 12/29 MP: 4/4
  1617 | D:2      | Found an iron altar of Okawaru.
  1618 | D:2      | Found a hazy altar of Hepliaklqana.
  1678 | D:2      | Noticed an orc warrior
  1696 | D:2      | Killed an orc warrior
  1696 | D:2      | Reached skill level 5 in Maces & Flails
  1696 | D:2      | Reached XP level 5. HP: 7/34 MP: 5/5
  2062 | D:2      | Found a white marble altar of Elyvilon.
  2344 | D:3      | Reached XP level 6. HP: 39/39 MP: 6/6
  2705 | D:4      | Noticed emsyzz's ghost (novice DEFE)
  2741 | D:4      | Found Kuede's Armour Shoppe.
  2803 | D:3      | Reached skill level 5 in Fighting
  2977 | D:4      | Killed emsyzz's ghost
  2977 | D:4      | Reached skill level 6 in Maces & Flails
  2977 | D:4      | Reached XP level 7. HP: 44/44 MP: 7/7
  3238 | D:4      | Found Zuseceg's Jewellery Emporium.
  3262 | D:4      | Found a radiant altar of Vehumet.
  3434 | D:4      | Found a sacrificial altar of Ru.
  3535 | D:4      | Found Jair Foi's Weapon Shoppe.
  3748 | D:5      | Entered Level 5 of the Dungeon
  3768 | D:5      | Reached *** piety under Trog
  3814 | D:5      | Reached skill level 7 in Maces & Flails
  4190 | D:5      | Reached XP level 8. HP: 47/51 MP: 8/8
  4262 | D:5      | Noticed Menkaure
  4270 | D:5      | Killed Menkaure
  4435 | D:6      | Found a stormy altar of Qazlal.
  4484 | D:6      | Reached skill level 8 in Maces & Flails
  4535 | D:6      | Reached skill level 5 in Armour
  4902 | D:6      | Found a bloodstained altar of Trog.
  4922 | D:6      | Reached XP level 9. HP: 57/57 MP: 9/9
  5001 | D:6      | Reached skill level 9 in Maces & Flails
  5237 | D:6      | Noticed Edmund
  5266 | D:6      | Killed Edmund
  5415 | D:7      | Noticed Prince Ribbit
  5736 | D:7      | Found a glowing silver altar of Zin.
  6106 | D:7      | Found an ornate altar of the Ieoh Jian Council.
  6150 | D:7      | Found a staircase to the Ecumenical Temple.
  6251 | D:7      | Reached skill level 10 in Maces & Flails
  6264 | D:7      | Found a glowing golden altar of the Shining One.
  6506 | D:8      | Reached XP level 10. HP: 52/64 MP: 10/10
  6568 | D:8      | Killed Prince Ribbit
  6966 | D:8      | Found a staircase to the Lair.
  6985 | D:8      | Noticed a two-headed ogre
  7005 | D:8      | Killed a two-headed ogre
  7005 | D:8      | Reached skill level 11 in Maces & Flails
  7314 | D:8      | Noticed Niddhogr's ghost (novice FoFi)
  7351 | D:8      | Killed Niddhogr's ghost
  7967 | D:8      | Noticed a two-headed ogre
  8019 | D:8      | Killed a two-headed ogre
  8300 | D:9      | Noticed a two-headed ogre
  8310 | D:9      | Killed a two-headed ogre
  8310 | D:9      | Reached XP level 11. HP: 47/71 MP: 11/11
  8329 | D:9      | Noticed a two-headed ogre
  8363 | D:9      | Killed a two-headed ogre
  8363 | D:9      | Reached skill level 12 in Maces & Flails
  8468 | D:9      | Noticed a two-headed ogre
  8825 | D:9      | Found an ancient bone altar of Kikubaaqudgha.
  8890 | D:9      | Reached **** piety under Trog
  8915 | D:9      | Noticed a five-headed hydra
  8969 | D:9      | Killed a five-headed hydra
  9201 | D:9      | Reached skill level 10 in Fighting
  9258 | D:9      | Killed a two-headed ogre
  9259 | D:9      | Noticed a two-headed ogre
  9266 | D:9      | Killed a two-headed ogre
  9417 | D:9      | Found a blossoming altar of Fedhas.
  9580 | D:9      | Reached skill level 5 in Dodging
  9791 | D:10     | Entered Level 10 of the Dungeon
  9835 | D:10     | Found a deep blue altar of Sif Muna.
  9835 | D:10     | Noticed an oklob plant
  9967 | D:10     | Found Kaythot's Antique Armour Emporium.
  9993 | D:10     | Killed an unseen horror
  9993 | D:10     | Reached skill level 13 in Maces & Flails
  9993 | D:10     | Reached XP level 12. HP: 66/78 MP: 12/12
  9998 | D:10     | Bought a pair of runed gloves for 217 gold pieces
 10259 | D:10     | Noticed a two-headed ogre
 10289 | D:10     | Killed a two-headed ogre
 10895 | D:11     | Noticed an eight-headed hydra
 11197 | D:11     | Reached ***** piety under Trog
 11265 | D:11     | Killed an eight-headed hydra
 11265 | D:11     | Reached skill level 10 in Armour
 11855 | D:11     | Noticed a two-headed ogre
 11865 | D:11     | Killed a two-headed ogre
 11977 | D:11     | Found a staircase to the Orcish Mines.
 12377 | Lair:1   | Entered Level 1 of the Lair of Beasts
 12383 | Lair:1   | Reached skill level 14 in Maces & Flails
 12625 | Lair:1   | Reached XP level 13. HP: 62/84 MP: 13/13
 14184 | Lair:2   | Found a staircase to the Snake Pit.
 14395 | Lair:2   | Found a staircase to the Shoals.
 14401 | Lair:2   | Received a gift from Trog
 15033 | Lair:3   | Reached skill level 1 in Throwing
 15186 | Lair:3   | Noticed Gastronok
 15227 | Lair:3   | Killed Gastronok
 16081 | Lair:4   | HP: 4/86 [meliai/divine providence (15)]
 16085 | Lair:4   | Killed from afar by a meliai

Vault maps used:
D:1:      dpeg_arrival_rhombus
D:2:      gammafunk_temple_overflow_pools, minitemple, yredelemnul_altar_generic
D:3:      first_bread, st_stairs_8
D:4:      vehumet_crystals, lemuel_coloured_pillars_altar, serial_shops, shop,
          shop_coins, shop
D:5:      uniq_menkaure
D:6:      grunt_qazlal_sundering, minmay_misc_feat_iff, trog_butcher_becter,
          uniq_edmund
D:7:      kennysheep_mini, nicolae_tso_carved_into_rock, lemuel_doored_altar,
          minmay_temple_entry_purple_smoke, uniq_prince_ribbit1
D:8:      due_lair_maze_entry_diamond
D:9:      lemuel_mausoleum_altar_kikubaaqudgha, kennysheep_mini_moat,
          grunt_livestock, grunt_ministairs_4
D:10:     serial_shops, shop, lemuel_oklob_altar
D:11:     orc_0_dummy
Lair:1:   grunt_forest_stairs_basic, wad_woods_road_06, grunt_megastairs_4
Lair:2:   elwin_shoals_entry_rooms, guppyfry_snake_entry_garden
Lair:3:   minmay_stone_trees_medium, uniq_gastronok
Lair:4:   regret_index_harrowing_hell_hive, portal_ice_cave_entry_imps,
          minmay_lair_oklob_chamber, grunt_megastairs_3

Skill      XL: |  1  2  3  4  5  6  7  8  9 10 11 12 13 |
---------------+----------------------------------------+-----
Maces & Flails | 4 5 6 7 8 10 11 13 14 | 14.8
Fighting       | 4 5 7 8 9 10 11 12 | 12.2
Armour         | 3 4 5 7 8 9 10 11 | 11.5
Dodging        | 2 4 5 6 7 |  7.4
Throwing       | 3 |  3.5

Action                   |  1- 3 |  4- 6 |  7- 9 | 10-12 | 13-15 || total
-------------------------+-------+-------+-------+-------+-------++-------
Melee: Mace              |   114 |   149 |   181 |       |       ||   444
       Morningstar       |       |       |   220 |    78 |       ||   298
       Dire flail        |       |       |       |   639 |   291 ||   930
 Fire: Blowgun           |       |       |       |     3 |       ||     3
Throw: Tomahawk          |       |       |       |     3 |       ||     3
Invok: Berserk           |     1 |     2 |     3 |     6 |     1 ||    13
       Burn Spellbooks   |       |       |     1 |     1 |     3 ||     5
       Trog's Hand       |       |       |     6 |     5 |     2 ||    13
Evoke: Wand              |       |       |       |     1 |       ||     1
       Lightning rod     |       |       |       |       |     3 ||     3
  Use: Scroll            |     6 |     2 |    11 |     9 |     3 ||    31
       Potion            |       |       |       |     2 |     1 ||     3
  Eat: Chunk             |     1 |     8 |    17 |    28 |    12 ||    66
       Bread ration      |       |       |       |     1 |       ||     1
Armor: Animal skin       |    55 |     9 |       |       |       ||    64
       Plate armour      |       |   119 |   271 |   446 |   204 ||  1040
       Skin              |       |       |       |    17 |       ||    17
Dodge: Dodged            |   106 |    67 |   125 |   232 |   150 ||   680
